 Dungeon Crawl Stone Soup version 0.30-a0-908-g5a111fc481 (webtiles) character file.

Game seed: 4693949190053712024

128 theswoord the Slasher (level 5, 30/30 HPs)
             Began as a Gargoyle Gladiator on Mar 19, 2023.
             Quit the game on level 3 of the Dungeon.
             The game lasted 00:03:54 (2254 turns).

theswoord the Slasher (Gargoyle Gladiator)          Turns: 2254, Time: 00:03:55

Health: 30/30      AC:  8    Str: 20    XL:     5   Next: 12%
Magic:  5/5        EV: 12    Int:  8    God:
Gold:   164        SH:  0    Dex: 11    Spells: 4/4 levels left

rFire   . . .      SeeInvis .    a - +0 long sword
rCold   . . .      Faith    .    (no shield)
rNeg    + . .      Spirit   .    b - +0 leather armour
rPois   ∞          Reflect  .    c - +0 helmet
rElec   +          Rampage  .    (no cloak)
rCorr   .                        (no gloves)
Will    .....                    (no boots)
Stlth   +                        (no amulet)
HPRegen 0.25/turn                (no ring)
MPRegen 0.09/turn                (no ring)

@: no status effects
A: sickness immunity, AC +4, negative energy resistance 1, electricity
resistance, torment resistance 1, petrification resistance
a: no special abilities


You were on level 3 of the Dungeon.
You visited 1 branch of the dungeon, and saw 3 of its levels.

You collected 164 gold pieces.

Inventory:

Hand Weapons
 a - a +0 long sword (weapon)
Missiles
 d - 3 throwing nets (quivered)
 e - a javelin
Armour
 b - a +0 leather armour (worn)
 c - a +0 helmet (worn)
Jewellery
 j - a ring of ice
Scrolls
 g - a scroll of fog
 o - a scroll of identify
Potions
 f - a potion of magic
 h - a potion of degeneration {unknown}
 i - 2 potions of haste {unknown}
 k - 3 potions of berserk rage
 l - 3 potions of curing
 m - 2 potions of might
 n - a potion of cancellation {unknown}
 p - a potion of lignification {unknown}
 q - a potion of mutation {unknown}


   Skills:
 - Level 2.1 Fighting
 + Level 5.1 Long Blades
 - Level 1.7 Throwing
 - Level 2.4 Dodging


You had 4 spell levels left.
You didn't know any spells.
Your spell library was empty.

Dungeon Overview and Level Annotations

Branches:
Dungeon (3/15)

Altars:
Fedhas


Innate Abilities, Weirdness & Mutations

You are immune to sickness and miasma.
Your stone body is resilient. (AC +4)
You are immune to poison.
You resist negative energy. (rN+)
You are resistant to electric shocks. (rElec)
You are resistant to unholy torment.
You are immune to petrification.


Message History

You slash the giant cockroach!
You kill the giant cockroach!
No target in view!
No target in view!
No target in view!
No target in view!
No target in view!
No target in view!
You see here a giant cockroach corpse.
q - a fizzy inky potion
Found a robe.
k - 3 potions of berserk rage (gained 1)
A kobold comes into view.
It is wielding a +0 whip and quivering poisoned darts.
The kobold shouts!
A kobold is nearby!
A kobold is nearby!
The kobold closely misses you.
You slash the kobold!
You kill the kobold!
No target in view!
No target in view!
No target in view!
No target in view!
No target in view!
Things that are here:
a +0 whip; 4 poisoned darts You see here a +0 flail.
You see here a +0 dagger.
There is a stone staircase leading up here.
Key pressed, stopping explore.
Done exploring.
No target in view!
No target in view!
Done exploring.
Done exploring.
Done exploring.
No target in view!
No target in view!
No target in view!
Done exploring.

######### #.......#
#.#####.#
#.#####.######
#.##.........#
####.##.##.####.#
#..........####.###
#.###########@....#
#.# #.###.# #.# #.#
#.#
#.###########.###.#
###.##.......##.....#
#............######.#
#.#.##.......#
####.###
##.#.##.......#
#......#
#..#.##.......#
#.##.#.#


There were no monsters in sight!

Vanquished Creatures
  A hound (D:2)
  A gnoll (D:1)
  3 adders
  A worm (D:3)
  2 dart slugs
  2 orcs (D:3)
  5 bats
  An endoplasm (D:3)
  2 giant cockroaches
  2 hobgoblins (D:1)
  7 jackals
  7 kobolds
  6 ball pythons
  2 frilled lizards (D:1)
  6 goblins
  5 rats
53 creatures vanquished.

Notes
Turn   | Place    | Note
-------+----------+-------------------------------------------
     0 | D:1      | theswoord the Gargoyle Gladiator began the quest for the
                  | Orb.
     0 | D:1      | Reached XP level 1. HP: 12/12 MP: 1/1
    87 | D:1      | Reached skill level 3 in Long Blades
   130 | D:1      | Reached XP level 2. HP: 14/17 MP: 2/2
   578 | D:1      | Reached XP level 3. HP: 2/21 MP: 3/3
   859 | D:2      | Reached skill level 4 in Long Blades
  1385 | D:2      | Reached XP level 4. HP: 26/26 MP: 4/4
  1679 | D:3      | Found a blossoming altar of Fedhas.
  1802 | D:3      | Reached skill level 5 in Long Blades
  1939 | D:3      | Reached XP level 5. HP: 27/30 MP: 5/5
  2254 | D:3      | Quit the game

Skill      XL: |  1  2  3  4 |
---------------+-------------+-----
Long Blades    | 3 4 5 |  5.1
Fighting       | |  2.1
Throwing       | |  1.7
Dodging        | |  2.4

Action                     |  1- 3 |  4- 6 || total
---------------------------+-------+-------++-------
  Melee: Long sword        |    79 |    85 ||   164
    Use: Scroll            |     6 |     2 ||     8
         Potion            |       |     2 ||     2
   Stab: Sleeping          |     1 |       ||     1
 Armour: Leather armour    |    26 |    73 ||    99
  Dodge: Dodged            |    68 |   108 ||   176

Levels and vault maps discovered:
D:1:      amcnicky_arrival_wind_blow, layout_basic,
          nicolae_concentric_dashed_squares_mild, minmay_misc_feat_tiny
D:2:      layout_loops_corners
D:3:      layout_loops_cross, fedhas_altar_2
